 Dungeon Crawl Stone Soup version 0.21.1-1-g345015fe64 (webtiles) character file.

58 Ivernyr the Charmwright (level 4, -4/34 HPs)
             Began as a Human Skald on Apr 22, 2018.
             Slain by Sigmund
             ... wielding a +0 scythe
              (12 damage)
             ... on level 2 of the Dungeon.
             The game lasted 00:08:50 (1355 turns).

Ivernyr the Charmwright (Human Skald)               Turns: 1355, Time: 00:08:51

Health: -4/34      AC:  3    Str: 11    XL:     4   Next: 21%
Magic:  5/7        EV: 12    Int: 13    God:
Gold:   64         SH:  0    Dex: 14    Spells: 2/7 levels left

rFire    . . .     SeeInvis .   a - +0 falchion
rCold    . . .     Gourm    .   (no shield)
rNeg     . . .     Faith    .   b - +0 leather armour
rPois    .         Spirit   .   (no helmet)
rElec    .         Reflect  .   (no cloak)
rCorr    .         Harm     .   (no gloves)
MR       .....                  (no boots)
Stlth    +.........             j - amulet of magic regeneration
HPRegen  0.11/turn              g - ring of wizardry
MPRegen  0.35/turn              (no ring)

@: infused (expiring)
A: no striking features
a: no special abilities


You were on level 2 of the Dungeon.
You were not hungry.

You visited 1 branch of the dungeon, and saw 2 of its levels.

You collected 64 gold pieces.

Inventory:

Hand Weapons
 a - a +0 falchion (weapon)
Armour
 b - a +0 leather armour (worn)
Jewellery
 g - a ring of wizardry (left hand)
 j - an amulet of magic regeneration (around neck)
Wands
 m - a wand of random effects (25)
Scrolls
 i - 2 scrolls of remove curse {unknown}
 l - a scroll of identify {unknown}
Potions
 e - 2 potions of brilliance {unknown}
 f - a potion of resistance {unknown}
 h - a potion of berserk rage {unknown}
 n - a potion of haste {unknown}
Books
 c - a book of Battle

   Spells                             Type                      Level
   a - Infusion                       Charms                       1
   b - Shroud of Golubria             Charms/Translocation         2
   c - Song of Slaying                Charms                       2
   d - Spectral Weapon                Hexes/Charms                 3
   e - Regeneration                   Charms/Necromancy            3
Comestibles
 d - 2 rations


   Skills:
 + Level 2.5 Fighting
 + Level 2.5 Long Blades
 * Level 2.4 Armour
 - Level 2.0 Dodging
 - Level 2.0 Spellcasting
 + Level 3.4 Charms


You had 2 spell levels left.
You knew the following spells:

 Your Spells              Type           Power        Failure   Level  Hunger
a - Shroud of Golubria    Chrm/Tloc      #.........   11%         2    ###....
b - Song of Slaying       Chrm           ##......     4%          2    ###....
c - Infusion              Chrm           ##..         3%          1    ##.....


Dungeon Overview and Level Annotations

Branches:
Dungeon (2/15)

Altars:
Xom

Annotations:
D:2 Sigmund


Message History

Sigmund is heavily wounded.
You barely miss Sigmund.
Sigmund is heavily wounded.
Sigmund points at you and mumbles some strange words.
The magic dart hits you!
You hit Sigmund.
Sigmund is heavily wounded.
Sigmund gestures wildly while chanting.
Sigmund flickers and vanishes!
Deactivating autopickup; reactivate with Ctrl-A.
You completely miss something. Something hits you but does no damage.
You hit something.
Your shroud unravels.
Your magical infusion is running out.
Something hits you!
* * * LOW HITPOINT WARNING * * *
You miss something. Something hits you.
* * * LOW HITPOINT WARNING * * *
You closely miss something. You closely miss something. Something hits you!
You die...

##.# ### ...# ..#
#### #.# #.# #.# #.#
#{# ##### #@# .....
####.# ##### #....#
#.#### ## #.# .# #.#
.############.#
..............#
.##########.#########


There were no monsters in sight!

Vanquished Creatures
  2 adders (D:2)
  4 dart slugs (D:1)
  A ball python (D:1)
  A giant cockroach (D:1)
  9 goblins
  2 hobgoblins (D:1)
  A bat (D:1)
  3 frilled lizards
  4 kobolds
  7 rats
34 creatures vanquished.

Notes
Turn   | Place    | Note
-------+----------+-------------------------------------------
     0 | D:1      | Ivernyr the Human Skald began the quest for the Orb.
     0 | D:1      | Reached XP level 1. HP: 16/16 MP: 3/3
   299 | D:1      | Reached XP level 2. HP: 20/22 MP: 5/5
   332 | D:1      | Learned a level 2 spell: Song of Slaying
   335 | D:1      | Learned a level 2 spell: Shroud of Golubria
   366 | D:1      | Reached XP level 3. HP: 18/27 MP: 4/6
  1001 | D:2      | Found a shimmering altar of Xom.
  1102 | D:2      | Reached XP level 4. HP: 26/34 MP: 4/7
  1340 | D:2      | Noticed Sigmund
  1355 | D:2      | Slain by Sigmund

Skill      XL: |  1  2  3 |
---------------+----------+-----
Armour         | 2 |  2.4
Fighting       | |  2.5
Long Blades    | |  2.5
Dodging        | |  2.0
Spellcasting   | |  2.0
Charms         | |  3.4

Action                   |  1- 3 |  4- 6 || total
-------------------------+-------+-------++-------
Melee: Falchion          |    83 |    16 ||    99
 Cast: Song of Slaying   |     4 |       ||     4
       Shroud of Golubri |     2 |     1 ||     3
       Infusion          |       |     1 ||     1
  Eat: Chunk             |     1 |     1 ||     2
Armor: Leather armour    |    13 |       ||    13
Dodge: Dodged            |    63 |     6 ||    69
       Rpst.: Falchion   |    19 |     3 ||    22
